 Dungeon Crawl Stone Soup version 0.28-a0-10-g964c8b829e (webtiles) character file.

Game seed: 10216108035103066362

21054 Blejac999 the Thaumaturge (level 13, -4/83 HPs)
             Began as a Djinni Conjurer on July 25, 2021.
             Was an Elder of Makhleb.
             Slain by a snapping turtle (20 damage)
             ... on level 4 of the Lair of Beasts.
             The game lasted 00:39:08 (15320 turns).

Blejac999 the Thaumaturge (Djinni Conjurer)        Turns: 15320, Time: 00:39:09

Health: -4/83      AC: 10    Str: 11    XL:     13   Next: 17%
Gold:   821        EV: 14    Int: 25    God:    Makhleb [****..] SH:  0 Dex: 12

rFire   + + +      SeeInvis +   m - +6 rapier "Bang" {vorpal, +Rage rElec Str+5 SInv}
rCold   x . .      Faith    .   (no shield)
rNeg    . . .      Spirit   .   w - +3 leather armour {rF+}
rPois   ∞          Reflect  .   i - +0 helmet
rElec   +          Harm     .   a - +0 cloak {rF+}
rCorr   .          Rampage  .   b - +0 pair of gloves
Will    +....                   (boots unavailable)
Stlth   +++.......              e - amulet of regeneration
HPRegen 1.23/turn               g - ring of see invisible
MPRegen 0.00/turn               (no ring)

@: flying
A: sickness immunity, fire resistance 2, cold vulnerability 1, float, innate
caster, hp casting, extra vitality 1
a: Renounce Religion, Evoke Berserk Rage, Minor Destruction, Lesser Servant of
Makhleb, Major Destruction


You were on level 4 of the Lair of Beasts.
You worshipped Makhleb.
Makhleb was greatly pleased with you.
You visited 3 branches of the dungeon, and saw 15 of its levels.
You also visited: Sewer and Volcano.

You collected 821 gold pieces.

Inventory:

Hand Weapons
 m - the +6 rapier "Bang" (weapon) {vorpal, +Rage rElec Str+5 SInv}
   (You found it on level 7 of the Dungeon)

   It inflicts extra damage upon your enemies.
   Str:       It affects your strength (+5).
   rElec:     It insulates you from electricity.
   SInv:      It lets you see invisible.
   +Rage:     It lets you go berserk.
 t - a +2 quarterstaff of flaming
Missiles
 j - 4 throwing nets
Armour
 a - a +0 cloak of fire resistance (worn)
 b - a +0 pair of gloves (worn)
 i - a +0 helmet (worn)
 w - a +3 leather armour of fire resistance (worn)
Jewellery
 e - an amulet of regeneration (around neck)
 g - a ring of see invisible (left hand)
Wands
 l - a wand of polymorph (5)
 o - a wand of mindburst (11)
 p - a wand of iceblast (12)
 r - a wand of flame (10)
Scrolls
 c - a scroll of immolation
 d - 6 scrolls of identify
 k - a scroll of blinking
 s - a scroll of enchant armour
Potions
 f - 5 potions of curing
 h - a potion of brilliance
 n - 2 potions of lignification
 q - a potion of invisibility
 v - 2 potions of heal wounds


   Skills:
 + Level 3.6 Fighting
 + Level 0.4 Short Blades
 + Level 0.6 Staves
 + Level 3.3 Throwing
 + Level 6.3 Armour
 + Level 7.8 Dodging
 + Level 7.0 Stealth
 + Level 12.7 Spellcasting
 + Level 4.0 Invocations
 + Level 4.1 Evocations


You had 3 spell levels left.
You knew the following spells:

 Your Spells              Type           Power      Damage    Failure   Level
a - Magic Dart            Conj           100%       1d8       1%          1
b - Searing Ray           Conj           100%       3d7       1%          2
c - Dazzling Flash        Conj/Hex       100%       N/A       1%          3
d - Fulminant Prism       Conj/Hex       34%        3d16      1%          4
e - Iskenderun's Mystic   Conj/Tloc      68%        2d14      1%          4
f - Pain                  Necr           100%       1d9       1%          1
g - Wereblood             Tmut           68%        N/A       1%          2
h - Stone Arrow           Conj/Erth      100%       3d13      1%          3
i - Petrify               Tmut/Erth      68%        N/A       1%          4
j - Alistair's Intoxicat  Tmut/Pois      45%        N/A       1%          5
k - Fireball              Conj/Fire      34%        3d14      1%          5
Your spell library was empty.

Dungeon Overview and Level Annotations

Branches:
Dungeon (9/15)             Temple (1/1) D:5            Lair (5/6) D:9
 Shoals (0/4) Lair:4        Snake (0/4) Lair:4        Sewer (visited)
Volcano (visited)
  Slime: Lair:5-6       Orc: D:9-12

Altars:
Ashenzari
Dithmenos
Elyvilon
Fedhas
Gozag
Hepliaklqana
Kikubaaqudgha
Makhleb
Nemelex Xobeh
Okawaru
Qazlal
Ru
Sif Muna
Trog
Uskayaw
Vehumet
Wu Jian
Xom
Yredelemnul
Zin
The Shining One


Innate Abilities, Weirdness & Mutations

You are immune to sickness and miasma.
You are immune to poison.
Your flesh is very heat resistant. (rF++)
You are vulnerable to cold. (rC-)
You float through the air rather than walking.
You learn spells naturally, not from books.
Your magical power is your life essence.
You have superior vitality. (+4 HP)


Message History

Casting: Searing Ray (safe; 1% risk of failure)
Confirm with . or Enter, or press ? or * to list all spells.
Aiming: Searing Ray (safe; 1% risk of failure)
Press: ? - help, Shift-Dir - straight line, f/p - snapping turtle
Aim: a snapping turtle (lightly wounded, 94% to hit)
Okay, then.
Casting: Searing Ray (safe; 1% risk of failure)
Confirm with . or Enter, or press ? or * to list all spells.
Aiming: Fulminant Prism (safe; 1% risk of failure)
Press: ? - help, Dir - move target, p - snapping turtle You conjure a prism of explosive energy!
A fulminant prism comes into view.
The snapping turtle bites you from afar!
Your fulminant prism crackles loudly.
Your fulminant prism explodes!
The blast of energy engulfs the snapping turtle!!
The snapping turtle is heavily wounded.
You hear a roar!
Casting: Fulminant Prism (safe; 1% risk of failure)
Confirm with . or Enter, or press ? or * to list all spells.
Aiming: Searing Ray (safe; 1% risk of failure)
Press: ? - help, Shift-Dir - straight line, f - snapping turtle
Aim: a snapping turtle (heavily wounded, 94% to hit)
The searing ray hits the snapping turtle!
The snapping turtle is heavily wounded. (Press . to maintain the ray.)
The snapping turtle bites you but does no damage.
The searing ray hits the snapping turtle.
The snapping turtle is severely wounded.
The snapping turtle bites you from afar!
The searing ray misses the snapping turtle.
The snapping turtle bites you from afar!!
* * * LOW HITPOINT WARNING * * *
Unknown command.
The searing ray hits the snapping turtle but does no damage.
The snapping turtle is severely wounded.
* * * LOW HITPOINT WARNING * * *
You finish channeling your searing ray.
The snapping turtle bites you from afar!!
You die...

###### ≈≈≈≈≈## ≈≈≈≈≈#
#####≈≈≈##
##...##≈≈≈#
#.....#≈≈.##
#..>..'....###
.≈≈#.....#≈t.@..##
≈≈≈##...##≈≈.........
≈≈≈≈#####≈≈≈.........
##≈≈≈≈≈≈≈≈≈##........
#≈#≈≈≈≈≈≈≈≈≈####.....
#≈≈.......## ##...
##P.......#### ...
##..#....#..# ..
##.........#


You could see a snapping turtle.

Vanquished Creatures
  6 hydras
  A catoblepas (Lair:2)
  A centaur warrior (Volcano)
  A hell knight (Volcano)
  A cyclops (D:7)
  5 elephants (Lair:5)
  2 black mambas (Lair:2)
  2 gargoyles (D:9)
  A rime drake (Lair:5)
  A yaktaur (Volcano)
  4 cane toads
  4 komodo dragons
  A hornet (D:8)
  A shadow (D:9)
  22 yaks
  A vampire (D:9)
  A wraith (D:9)
  A basilisk (Lair:5)
  A wyvern (D:8)
  4 steam dragons
  7 water moccasins
  3 orc warriors
  4 ice beasts
  A necrophage (D:6)
  A black bear (D:5)
  An ogre (D:6)
  5 centaurs
  A phantom (D:5)
  2 kobold brigands
  6 bullfrogs
  A scorpion (D:5)
  6 killer bees (D:9)
  4 wights (D:8)
  2 electric eels
  A bullfrog zombie (D:5)
  A centaur zombie (D:8)
  2 orc priests
  3 hounds
  A bullfrog skeleton (D:4)
  A gnoll shaman (D:5)
  4 iguanas
  9 orc wizards
  A hound zombie (D:5)
  2 howler monkey zombies
  5 gnolls (D:5)
  6 adders
  2 river rats (D:3)
  2 ufetubi (D:5)
  An adder skeleton (D:2)
  A worm (D:2)
  A dart slug (D:2)
  22 orcs
  5 ball pythons
  2 endoplasms
  2 giant cockroaches
  8 goblins
  3 hobgoblins
  A jackal (Sewer)
  5 kobolds
  3 quokkas
  6 bats
  2 frilled lizards
  9 rats
  2 fulminant prisms
218 creatures vanquished.

Vanquished Creatures (others)
  62 fulminant prisms
  8 fungi
  29 plants
99 creatures vanquished.

Grand Total: 317 creatures vanquished

Notes
Turn   | Place    | Note
-------+----------+-------------------------------------------
     0 | D:1      | Blejac999 the Djinni Conjurer began the quest for the Orb.
     0 | D:1      | Reached XP level 1. HP: 15/15 MP: 0/0
   100 | D:1      | Found a faded altar of an unknown god.
   363 | D:1      | Reached XP level 2. HP: 19/21 MP: 0/0
   966 | D:2      | Reached XP level 3. HP: 19/25 MP: 0/0
   966 | D:2      | Learned a level 1 spell: Pain
  1166 | D:2      | Reached skill level 4 in Spellcasting
  1503 | D:2      | Reached XP level 4. HP: 17/31 MP: 0/0
  2374 | D:3      | Found a glowing drain.
  2378 | Sewer    | Entered a sewer
  2563 | Sewer    | Noticed a kobold brigand
  2575 | Sewer    | Killed a kobold brigand
  2576 | Sewer    | Reached XP level 5. HP: 8/36 MP: 0/0
  2576 | Sewer    | Learned a level 2 spell: Wereblood
  2818 | Sewer    | Found a white marble altar of Elyvilon.
  3616 | D:4      | Reached skill level 5 in Spellcasting
  3616 | D:4      | Reached XP level 6. HP: 25/41 MP: 0/0
  4463 | D:5      | Entered Level 5 of the Dungeon
  4520 | D:5      | Found a staircase to the Ecumenical Temple.
  4533 | Temple   | Entered the Ecumenical Temple
  4545 | Temple   | Became a worshipper of Makhleb the Destroyer
  4588 | D:5      | Noticed a water moccasin
  4594 | D:5      | Killed a water moccasin
  4595 | D:5      | Reached skill level 1 in Fighting
  4595 | D:5      | Reached XP level 7. HP: 38/47 MP: 0/0
  4595 | D:5      | Learned a level 3 spell: Stone Arrow
  4855 | D:5      | Found a glowing golden altar of the Shining One.
  5015 | D:5      | Reached skill level 6 in Spellcasting
  5148 | D:5      | Reached skill level 5 in Dodging
  5148 | D:5      | Reached skill level 5 in Stealth
  5148 | D:5      | Reached skill level 7 in Spellcasting
  5148 | D:5      | Reached XP level 8. HP: 52/52 MP: 0/0
  5411 | D:5      | Reached skill level 8 in Spellcasting
  5411 | D:5      | Reached XP level 9. HP: 43/57 MP: 0/0
  5411 | D:5      | Learned a level 4 spell: Petrify
  5413 | D:5      | Reached * piety under Makhleb
  5413 | D:5      | HP: 1/57 [spore (34)]
  6475 | D:6      | Found a glowing silver altar of Zin.
  6476 | D:6      | Found a stormy altar of Qazlal.
  6537 | D:6      | Found a sparkling altar of Nemelex Xobeh.
  7062 | D:7      | Identified the +6 rapier "Bang" {vorpal, +Rage rElec Str+5
                  | SInv}
  7510 | D:7      | Noticed a cyclops
  7527 | D:7      | Killed a cyclops
  7528 | D:7      | Reached XP level 10. HP: 56/64 MP: 0/0
  8452 | D:8      | Reached skill level 5 in Armour
  8704 | D:8      | Reached skill level 9 in Spellcasting
  8737 | D:8      | Reached ** piety under Makhleb
  9343 | D:8      | Found a sacrificial altar of Ru.
 10097 | D:9      | Noticed a four-headed hydra
 10565 | D:9      | Reached XP level 11. HP: 63/68 MP: 0/0
 10565 | D:9      | Learned a level 5 spell: Alistair's Intoxication
 11076 | D:9      | Found a white marble altar of Elyvilon.
 11476 | D:9      | Killed a four-headed hydra
 11477 | D:9      | Reached skill level 10 in Spellcasting
 11691 | D:9      | Found a staircase to the Lair.
 11730 | Lair:1   | Entered Level 1 of the Lair of Beasts
 11881 | Lair:1   | Noticed a six-headed hydra
 11888 | Lair:1   | Killed a six-headed hydra
 12716 | Lair:2   | Noticed a catoblepas
 12724 | Lair:2   | Killed a catoblepas
 12853 | Lair:2   | Reached XP level 12. HP: 56/76 MP: 0/0
 12863 | Lair:2   | Reached skill level 11 in Spellcasting
 12896 | Lair:2   | Reached *** piety under Makhleb
 12927 | Lair:2   | Found a dark tunnel.
 12936 | Volcano  | Entered a volcano
 12970 | Volcano  | Noticed a centaur warrior
 12987 | Volcano  | Killed a centaur warrior
 13162 | Volcano  | Noticed a hell knight
 13181 | Volcano  | Killed a hell knight
 13400 | Lair:2   | Noticed a seven-headed hydra
 13405 | Lair:2   | Killed a seven-headed hydra
 13445 | Lair:2   | Noticed a five-headed hydra
 13644 | Lair:2   | Killed a five-headed hydra
 13733 | Lair:3   | You are sucked into a shaft and drop 2 floors!
 14123 | Lair:5   | Reached skill level 12 in Spellcasting
 14151 | Lair:5   | Noticed a six-headed hydra
 14530 | Lair:5   | Killed a six-headed hydra
 14531 | Lair:5   | Reached XP level 13. HP: 16/82 MP: 0/0
 14531 | Lair:5   | Learned a level 5 spell: Fireball
 14632 | Lair:5   | Noticed a seven-headed hydra
 14640 | Lair:5   | Killed a seven-headed hydra
 15205 | Lair:4   | Reached **** piety under Makhleb
 15276 | Lair:4   | Found a staircase to the Snake Pit.
 15307 | Lair:4   | Found a staircase to the Shoals.
 15320 | Lair:4   | Slain by a snapping turtle

Illustrated notes

Levels and vault maps discovered:
D:1:      dpeg_arrival_snail, layout_basic, hellmonk_ecumenical_altar_blasted
D:2:      layout_basic, kennysheep_generic_room_3
D:3:      layout_loops_ring, amcnicky_altar_gilded, gup_sewer_entry_bowl
D:4:      layout_cave_pods
D:5:      layout_basic, mainiacjoe_overflow_small_starburst,
          minmay_temple_entry_wispy, kennysheep_small_circle
D:6:      layout_cave_pools, old_standard_altar,
          mainiacjoe_overflow_divided_tiny, minmay_misc_feat_pillars
D:7:      layout_loops_corners, minmay_between
D:8:      layout_basic, nicolae_ru_awakened_eye, minivault_27
D:9:      cheibrodos_statue_roulette, layout_stronghold, marbit_many_paths,
          vehumet_crystals, david_lair_shrubbed
Temple:   nicolae_temple_god_jail
Lair:1:   layout_chaotic_city, lemuel_fruit_tree, infiniplex_staircase_pool,
          serial_bayou_shore_b
Lair:2:   layout_misc_corridors, lightli_volcano_entry_magma_tube,
          serial_bayou_pond_b, grunt_megastairs_4, serial_bayou_shore_b
Lair:3:   layout_small_grid, minmay_shattered_shrine
Lair:4:   layout_misc_corridors, minmay_shoals_entry_hut, dummy_snake_entry,
          beast_lair_carwin_7
Lair:5:   layout_small_grid

Skill      XL: |  1  2  3  4  5  6  7  8  9 10 11 12 13 |
---------------+----------------------------------------+-----
Spellcasting   | 4 5 7 8 9 10 12 | 12.7
Stealth        | 2 5 6 7 |  7.0
Fighting       | 1 2 3 |  3.6
Throwing       | 3 |  3.3
Armour         | 4 5 6 |  6.3
Dodging        | 5 6 7 |  7.8
Invocations    | 4 |  4.0
Evocations     | 4 |  4.1
Short Blades   | |  0.4
Staves         | |  0.6

Action                   |  1- 3 |  4- 6 |  7- 9 | 10-12 | 13-15 || total
-------------------------+-------+-------+-------+-------+-------++-------
Melee: Staff             |       |       |     7 |       |       ||     7
       Rapier            |       |       |     2 |     2 |     1 ||     5
       Unarmed           |       |       |     1 |       |       ||     1
 Cast: Magic Dart        |    64 |    60 |    53 |   145 |     8 ||   330
       Searing Ray       |       |     7 |    23 |    93 |     8 ||   131
       Fulminant Prism   |       |       |     8 |    51 |     5 ||    64
       Petrify           |       |       |     1 |     4 |       ||     5
       Fireball          |       |       |       |       |     2 ||     2
  Use: Scroll            |     3 |     3 |     6 |     4 |       ||    16
       Potion            |     2 |     1 |     1 |     1 |     1 ||     6
 Stab: Petrified         |       |       |     6 |       |       ||     6
       Sleeping          |       |       |       |     1 |     1 ||     2
Armor: Robe              |     5 |     2 |       |       |       ||     7
       Leather armour    |       |       |    26 |    44 |     2 ||    72
Dodge: Dodged            |     9 |     4 |    36 |   103 |     3 ||   155

Table legend: (Time is in decaauts)
 A = Elapsed time spent in this place.
 B = Non-inter-level travel time spent in this place.
 C = Inter-level travel time spent in this place.
 D = Time resting spent in this place.
 E = Time spent auto-exploring this place.
 F = Levels seen in this place.
 G = Mean time per level.
                   A        B        C        D        E       F      G
               +--------+--------+--------+--------+--------+-----+--------+
         Total |  15329 |  14969 |    360 |   4904 |   7719 |  17 |  901.7 |
       Dungeon |  11104 |  10808 |    296 |   3335 |   6127 |   9 | 1233.8 |
        Temple |    158 |    145 |     13 |     99 |     31 |   1 |  158.0 |
          Lair |   3145 |   3094 |     51 |   1118 |   1375 |   5 |  629.0 |
         Sewer |    474 |    474 |      0 |    292 |    121 |   1 |  474.0 |
       Volcano |    446 |    446 |      0 |     60 |     65 |   1 |  446.0 |
               +--------+--------+--------+--------+--------+-----+--------+

Top non-repeatable levels by time:
     D:8: 1863 daAuts
     D:9: 1679 daAuts
     D:2: 1530 daAuts
     D:7: 1466 daAuts
     D:5: 1424 daAuts
  Lair:5: 1339 daAuts
  Lair:1: 1244 daAuts
     D:4: 886 daAuts
     D:3: 808 daAuts
     D:1: 763 daAuts
     D:6: 682 daAuts
   Sewer: 474 daAuts
 Volcano: 446 daAuts
  Lair:2: 301 daAuts
  Lair:4: 248 daAuts
